 Dungeon Crawl Stone Soup version 0.31-a0-1163-gcee99d1eea (webtiles) character file.

Game seed: 14862989141453779548

15015 Conn the Destroyer (level 12, 0/118 HPs)
             Began as an Octopode Fire Elementalist on Dec 9, 2023.
             Was an Elder of Sif Muna.
             Slain by an ogre
             ... wielding a +0 giant spiked club
              (25 damage)
             ... on level 1 of the Orcish Mines.
             The game lasted 00:49:45 (13046 turns).

Conn the Destroyer (Octopode Fire Elementalist)    Turns: 13046, Time: 00:49:46

Health: 0/118      AC: 34    Str:  7    XL:     12   Next: 22%
Magic:  24/24      EV:  2    Int: 24    God:    Sif Muna [****..]
Gold:   279        SH:  0    Dex: 13    Spells: 8/27 levels left

rFire   . . .        i - +7 mace (protect)
rCold   . . .        (no shield)
rNeg    . . .        (helmet currently unavailable)
rPois   +            (no amulet)
rElec   .            c - ring of wizardry
rCorr   .            w - ring "Tounnodgh" {Int+2 Slay+4 SInv}
SInv    +            b - +4 ring of protection
Will    .....        h - ring of poison resistance
Stlth   ++++         u - +4 ring of protection
HPRegen 0.39/turn    (no ring)
MPRegen 0.19/turn    (no ring)
                     (no ring)

%: wizardry (x1)
@: tree-form
A: stationary, stasis, torment immunity, boosted hp, almost no armour,
(amphibious), 8 rings, (camouflage 1), (gelatinous body 1), (nimble swimmer 1),
(tentacles)
a: Renounce Religion, Channel Magic, Forget Spell, Divine Exegesis


You were on level 1 of the Orcish Mines.
You worshipped Sif Muna.
Sif Muna was greatly pleased with you.
You were a tree.
You visited 3 branches of the dungeon, and saw 12 of its levels.

You collected 1182 gold pieces.
You spent 903 gold pieces at shops.

Inventory:

Hand Weapons
 d - a +0 dagger
 e - a +3 dagger
 i - a +7 mace of protection (weapon)
Missiles
 k - 3 curare-tipped darts
Armour
 q - a +0 buckler
Jewellery
 b - a +4 ring of protection (on tentacle)
 c - a ring of wizardry (left branch)
 f - a ring of ice
 h - a ring of poison resistance (on tentacle)
 u - a +4 ring of protection (on tentacle)
 w - the ring "Tounnodgh" (right branch) {Int+2 Slay+4 SInv}
   (You found it on level 5 of the Dungeon)

   [ring of slaying]

   Int+2:     It affects your intelligence (+2).
   Slay+4:    It affects your accuracy & damage with ranged weapons and melee
   (+4).
   SInv:      It lets you see invisible.
Wands
 r - a wand of iceblast (18)
 x - a wand of charming (11)
 y - a wand of mindburst (6)
Scrolls
 g - a scroll of torment
 j - a scroll of immolation
 m - 3 scrolls of noise
 o - a scroll of poison
 s - a scroll of silence
 z - a scroll of teleportation
Potions
 a - a potion of magic
 n - a potion of degeneration
 p - 2 potions of enlightenment
 t - a potion of cancellation
 v - a potion of heal wounds
 B - a potion of haste


   Skills:
 + Level 6.0 Fighting
 - Level 5.5 Maces & Flails
 + Level 6.8 Dodging
 - Level 8.4 Stealth
 + Level 8.4 Spellcasting
 * Level 9.1 Conjurations
 - Level 3.3 Hexes
 * Level 7.4 Fire Magic
 * Level 5.1 Invocations


You had 8 spell levels left.
You knew the following spells:

 Your Spells              Type           Power      Damage    Failure   Level
a - Foxfire               Conj/Fire      100%       2x1d9     1%          1
b - Scorch                Fire           90%        2d8       1%          2
c - Inner Flame           Hex/Fire       36%        N/A       1%          3
d - Flame Wave            Conj/Fire      49%        2d12      1%          4
e - Dazzling Flash        Conj/Hex       80%        N/A       1%          3
f - Starburst             Conj/Fire      24%        6d8       13%         6

Your spell library contained the following spells:

 Spells                   Type           Power      Damage    Failure   Level
 Volatile Blastmotes      Fire/Tloc      56%        2d14      1%          3
 Maxwell's Capacitive Co  Air            5%         ∞         100%        8


Dungeon Overview and Level Annotations

Branches:
Dungeon (9/15)             Temple (1/1) D:4            Lair (0/5) D:9
    Orc (2/2) D:9             Elf (0/3) Orc:2

Altars:
Ashenzari
Cheibriados
Elyvilon
Fedhas
Gozag
Hepliaklqana
Kikubaaqudgha
Nemelex Xobeh
Okawaru
Qazlal
Ru
Sif Muna
Trog
Uskayaw
Vehumet
Wu Jian
Xom
Yredelemnul
Zin
The Shining One

Shops:
Orc:2 =**[(


Innate Abilities, Weirdness & Mutations

You are a tree.
Your roots penetrate the ground, keeping you stationary.
You cannot be teleported.
You are immune to unholy pain and torment.
Your maximum health is greatly increased.
You cannot wear most types of armour.
((You are amphibious.))
You can wear up to eight rings at the same time.
((Your skin changes colour to match your surroundings (Stealth+).))
((Your rubbery body absorbs attacks. (AC +1, EV +1)))
((You are camouflaged when in or above water. (Stealth+)))
((You have tentacles for arms and can constrict up to eight enemies at once.))


Message History

Done exploring.
There is a stone staircase leading up here.
You climb upwards.
The orc priest mumbles some strange prayers to Beogh against you.
Beogh smites you!
The orc wizard gestures wildly while chanting.
The orc wizard flickers and vanishes for a moment.
The troll bites you! The troll closely misses you. x2
The ogre hits you with a +0 giant club!
The ogre hits you with a +0 giant spiked club!!
The orc misses you.
The orc warrior shouts! x2
There is a stone staircase leading down, spattered with blood here.
Unknown command.
Okay, then.
Okay, then.
Unknown command.
Unknown command.
Okay, then.
Okay, then.
Okay, then.
Okay, then.
Unknown command.
An orc comes into view. It is wielding a +0 hand axe.
The orc priest mumbles some strange prayers to Beogh against you.
You resist with significant effort.
The orc warrior unwields a +0 war axe.
The orc warrior wields a +0 arbalest.
The orc warrior shoots a bolt.
The bolt misses you. The orc hits you with a +0 club.
The orc priest calls down the wrath of Beogh upon you.
Beogh smites you!
* * * LOW HITPOINT WARNING * * *
The ogre completely misses you.
Okay, then.
Okay, then.
You turn into a tree.
Your roots penetrate the ground.
The orc knight roars a battlecry!
The orcs go into a battle-frenzy!
The orc hits you but does no damage. x2
The ogre hits you with a +0 giant spiked club!!
You die...

###........##
###.##........# .
##............#.##
..##....o......$..$.#
.#....#....#.<..##.##
............#...# #
...#....T..........
.#....oo..#.........
.......O♣o.$...[..o..
#......O.............
#.......Oo........#..
....O.o.....#....##.o
......o.........
...o......o#....
...o............
.hoo......##...


You could see an orc warlord, an orc knight, a troll, a warg, 3 orc warriors, 4
ogres, 3 orc priests, an orc wizard (strong, invisible) and 3 orcs.

Vanquished Creatures
  An orc warlord (Orc:2)
  A two-headed ogre (Orc:2)
  2 orc high priests
  3 orc knights (Orc:2)
  3 orc sorcerers (Orc:2)
  A manticore (D:7)
  5 kobold blastminers (Orc:2)
  Joseph (D:7)
  A troll (Orc:1)
  9 yaks (D:9)
  2 steam dragons (D:7)
  3 wargs
  2 water moccasins
  A black bear (D:8)
  18 orc warriors
  A sky beast (D:7)
  An ice beast (D:5)
  5 ogres
  3 centaurs
  A phantom (D:4)
  3 kobold brigands
  3 bullfrogs
  2 gnoll sergeants
  5 scorpions
  Blork the orc (Orc:2)
  4 howler monkeys
  12 orc priests
  2 jellies
  3 gnoll boudas
  4 hounds
  An iguana (D:5)
  13 orc wizards
  40 gnolls
  5 adders
  A shadow imp (D:6)
  3 white imps
  A worm (D:1)
  4 dart slugs
  34 orcs
  6 ball pythons
  11 endoplasms
  3 giant cockroaches
  31 goblins
  23 hobgoblins
  5 jackals
  5 quokkas
  9 bats
  6 frilled lizards
  20 kobolds
  6 rats
330 creatures vanquished.

Vanquished Creatures (collateral kills)
  An ice beast (D:5)
  A jelly (D:5)
  A gnoll bouda (D:5)
3 creatures vanquished.

Vanquished Creatures (others)
  An orc sorcerer (Orc:1)
  928 foxfires
929 creatures vanquished.

Grand Total: 1262 creatures vanquished

Notes
Turn   | Place    | Note
-------+----------+-------------------------------------------
     0 | D:1      | Conn the Octopode Fire Elementalist began the quest for the
                  | Orb.
     0 | D:1      | Reached XP level 1. HP: 11/11 MP: 3/3
   128 | D:1      | Reached XP level 2. HP: 8/17 MP: 5/5
   673 | D:1      | Reached XP level 3. HP: 21/21 MP: 0/6
  1423 | D:2      | Reached XP level 4. HP: 27/27 MP: 4/7
  1439 | D:2      | Found a faded altar of an unknown god.
  1656 | D:3      | Learned a level 2 spell: Scorch
  1660 | D:3      | Learned a level 3 spell: Inner Flame
  1845 | D:3      | You fall into a shaft and drop 2 floors!
  1845 | D:5      | Entered Level 5 of the Dungeon
  1947 | D:4      | Reached skill level 2 in Conjurations
  1950 | D:4      | Reached XP level 5. HP: 19/31 MP: 3/9
  2131 | D:3      | Found a glowing golden altar of the Shining One.
  2236 | D:3      | Found an ornate altar of the Wu Jian Council.
  2242 | D:3      | Noticed a spectral centipede
  2242 | D:3      | Noticed a spectral black mamba
  2242 | D:3      | Noticed a spectral cane toad
  2780 | D:3      | Reached skill level 1 in Hexes
  2848 | D:3      | Reached XP level 6. HP: 7/36 MP: 8/10
  3570 | D:3      | Learned a level 4 spell: Flame Wave
  3653 | D:4      | Reached skill level 3 in Conjurations
  3840 | D:4      | Found a staircase to the Ecumenical Temple.
  3879 | Temple   | Entered the Ecumenical Temple
  4049 | D:4      | Reached XP level 7. HP: 22/42 MP: 0/12
  4218 | D:4      | Reached skill level 5 in Stealth
  4497 | D:5      | Reached skill level 1 in Fighting
  4497 | D:5      | Reached skill level 1 in Maces & Flails
  4633 | D:5      | Identified the ring "Tounnodgh" {Int+2 Slay+4 SInv}
  4886 | D:5      | Reached skill level 4 in Conjurations
  4886 | D:5      | Reached XP level 8. HP: 48/48 MP: 9/14
  5157 | D:5      | Noticed a hornet
  5306 | D:5      | Found a shimmering blue altar of Sif Muna.
  5309 | D:5      | Became a worshipper of Sif Muna the Loreminder
  6608 | D:6      | Found a blossoming altar of Fedhas.
  6609 | D:6      | Found an iron altar of Okawaru.
  6611 | D:6      | Found a shimmering altar of Xom.
  6632 | D:6      | Reached skill level 5 in Spellcasting
  6663 | D:6      | Reached skill level 5 in Conjurations
  6663 | D:6      | Reached XP level 9. HP: 55/55 MP: 12/16
  6740 | D:7      | Noticed Joseph
  6742 | D:7      | Reached * piety under Sif Muna
  6972 | D:7      | Noticed a manticore
  7054 | D:7      | Killed a manticore
  7055 | D:7      | Reached skill level 5 in Fire Magic
  7408 | D:7      | Killed Joseph
  7409 | D:7      | Reached skill level 6 in Conjurations
  7874 | D:8      | Reached XP level 10. HP: 63/63 MP: 19/19
  7885 | D:8      | Found an opulent altar of Gozag.
  7897 | D:8      | Reached skill level 5 in Dodging
  8077 | D:8      | Reached ** piety under Sif Muna
  9216 | D:9      | Found a staircase to the Lair.
  9264 | D:9      | Reached skill level 7 in Conjurations
  9383 | D:9      | Noticed a kobold demonologist
  9387 | D:9      | Found a staircase to the Orcish Mines.
  9392 | D:9      | Noticed a rust devil
  9392 | Orc:1    | Entered Level 1 of the Orcish Mines
  9392 | Orc:1    | Noticed an orc warlord
  9392 | Orc:1    | Noticed an orc sorcerer
  9589 | Orc:1    | Noticed an orc high priest
  9598 | Orc:1    | Killed an orc high priest
  9599 | Orc:1    | Reached XP level 11. HP: 70/70 MP: 3/21
  9813 | Orc:2    | Entered Level 2 of the Orcish Mines
  9819 | Orc:2    | Found a staircase to the Elven Halls.
  9835 | Orc:2    | Noticed an orc sorcerer
  9847 | Orc:2    | Reached skill level 5 in Fighting
  9847 | Orc:2    | Reached skill level 1 in Invocations
  9945 | Orc:2    | Reached *** piety under Sif Muna
 10203 | Orc:2    | Noticed an orc sorcerer
 10209 | Orc:2    | Killed an orc sorcerer
 10210 | Orc:2    | Reached skill level 5 in Maces & Flails
 10210 | Orc:2    | Reached skill level 8 in Conjurations
 10333 | Orc:2    | Found Popheiv's Assorted Antiques.
 10357 | Orc:2    | Noticed an orc sorcerer
 10358 | Orc:2    | Noticed an orc knight
 10358 | Orc:2    | Noticed an orc warlord
 10364 | Orc:2    | Noticed a two-headed ogre
 10366 | Orc:2    | Noticed a sixfirhy
 10468 | Orc:2    | Noticed Blork the orc
 10471 | Orc:2    | Noticed an orc knight
 10475 | Orc:2    | Killed Blork the orc
 10476 | Orc:2    | Noticed an orc high priest
 10622 | Orc:2    | Killed an orc sorcerer
 10624 | Orc:2    | Killed an orc knight
 10761 | Orc:2    | Killed an orc knight
 11019 | Orc:2    | Killed an orc sorcerer
 11067 | Orc:2    | Noticed an orc knight
 11089 | Orc:2    | Killed an orc knight
 11536 | Orc:2    | Killed a two-headed ogre
 11562 | Orc:2    | Noticed a sixfirhy
 11565 | Orc:2    | Reached **** piety under Sif Muna
 11764 | Orc:1    | Learned a level 3 spell: Dazzling Flash
 11771 | Orc:1    | Learned a level 6 spell: Starburst
 11911 | Orc:2    | Killed an orc high priest
 11912 | Orc:2    | Reached XP level 12. HP: 65/78 MP: 8/24
 12038 | Orc:2    | Reached skill level 9 in Conjurations
 12111 | Orc:2    | Found Estrapp's Jewellery Shoppe.
 12298 | Orc:2    | Killed an orc warlord
 12299 | Orc:2    | Reached skill level 5 in Invocations
 12488 | Orc:2    | Bought a ring of poison resistance for 280 gold pieces
 12488 | Orc:2    | Bought a +4 ring of protection for 504 gold pieces
 12514 | Orc:2    | Bought a scroll of teleportation for 75 gold pieces
 12514 | Orc:2    | Bought a lumpy ruby potion for 22 gold pieces
 12514 | Orc:2    | Bought a silvery potion for 22 gold pieces
 12663 | Orc:2    | Found Ginoxtev's Antique Weapon Shoppe.
 12678 | Orc:2    | Found Qustroff's General Store.
 12694 | Orc:2    | Found Genum's Antique Armour Shoppe.
 13046 | Orc:1    | Slain by an ogre

Illustrated notes

Levels and vault maps discovered:
D:1:      spicycebolla_arrival_transporter_tutorial, layout_loops_corners,
          nicolae_wormholes
D:2:      layout_rooms, hellmonk_ecumenical_altar_dog_temple
D:3:      minmay_goblin_kobold_castle, layout_basic,
          pdpol_wu_jian_five_deadly_venoms, nicolae_tso_swordbearing_angel,
          nicolae_titane
D:4:      layout_gridville, temple_doors_e
D:5:      layout_cave_pods, lemuel_blue_sif_altar, kennysheep_generic_room_7
D:6:      layout_cave_pools, minitemple
D:7:      layout_rooms, uniq_joseph
D:8:      layout_layer_cave, nicolae_gozag_seed_capital, chequers_jeans
D:9:      layout_irregular_city, lemuel_crystal_altar,
          nicolae_dithmenos_the_darkroom, lair_entry_dummy
Temple:   nicolae_temple_ecumenical_triangle
Orc:1:    layout_caves
Orc:2:    grunt_orc_cross, layout_caves, serial_shops, shop

Skill      XL: |  1  2  3  4  5  6  7  8  9 10 11 12 |
---------------+-------------------------------------+-----
Stealth        | 3 4 5 6 7 8 |  8.4
Conjurations   | 2 3 4 5 6 7 8 9 |  9.1
Spellcasting   | 3 4 5 6 7 8 |  8.4
Hexes          | 1 2 3 |  3.3
Dodging        | 3 4 5 6 |  6.8
Fighting       | 1 2 3 4 5 6 |  6.0
Maces & Flails | 1 2 3 4 5 |  5.5
Fire Magic     | 4 5 6 7 |  7.4
Invocations    | 4 5 |  5.1

Action                     |  1- 3 |  4- 6 |  7- 9 | 10-12 || total
---------------------------+-------+-------+-------+-------++-------
  Melee: Dagger            |    12 |       |       |       ||    12
         Constrict         |     3 |    17 |    12 |    10 ||    42
         Mace              |    26 |    86 |    35 |    62 ||   209
         Tentacles         |     4 |    13 |    10 |    15 ||    42
         Punch             |       |     1 |     2 |     2 ||     5
   Cast: Foxfire           |    35 |   101 |   164 |   236 ||   536
         Scorch            |       |     7 |    21 |    55 ||    83
         Inner Flame       |       |     4 |    17 |    37 ||    58
         Flame Wave        |       |       |     1 |    10 ||    11
         Starburst         |       |       |       |     1 ||     1
 Invoke: Channel Magic     |       |       |       |     2 ||     2
  Evoke: Wand              |       |       |     5 |     7 ||    12
    Use: Scroll            |       |     1 |    13 |     7 ||    21
         Potion            |       |       |     6 |     2 ||     8
   Stab: Sleeping          |     7 |     7 |     1 |       ||    15
 Armour: Skin              |    26 |    67 |    36 |    85 ||   214
  Dodge: Dodged            |    27 |   124 |    46 |   104 ||   301
  Block: Buckler           |       |       |     1 |    21 ||    22

Table legend: (Time is in decaauts)
 A = Elapsed time spent in this place.
 B = Non-inter-level travel time spent in this place.
 C = Inter-level travel time spent in this place.
 D = Time resting spent in this place.
 E = Time spent auto-exploring this place.
 F = Levels seen in this place.
 G = Mean time per level.
                   A        B        C        D        E       F      G
               +--------+--------+--------+--------+--------+-----+--------+
         Total |  13137 |  12912 |    225 |   1027 |   7936 |  12 | 1094.8 |
       Dungeon |   9444 |   9244 |    200 |    229 |   6154 |   9 | 1049.3 |
        Temple |     15 |     15 |      0 |      0 |      0 |   1 |   15.0 |
  Orcish Mines |   3677 |   3652 |     25 |    798 |   1782 |   2 | 1838.5 |
               +--------+--------+--------+--------+--------+-----+--------+

Top non-repeatable levels by time:
   Orc:2: 2472 daAuts
     D:3: 1902 daAuts
     D:5: 1292 daAuts
   Orc:1: 1205 daAuts
     D:1: 1127 daAuts
     D:7: 1122 daAuts
     D:8: 1052 daAuts
     D:6: 1037 daAuts
     D:4: 855 daAuts
     D:2: 534 daAuts
     D:9: 520 daAuts
  Temple: 15 daAuts
